[Event "ICCopen2017"]
[Site "Internet Chess Club"]
[Date "2017.04.02"]
[Round "8"]
[White "Barbos"]
[Black "SPARNALIQ"]
[Result "1-0"]
[ICCResult "Black checkmated"]
[WhiteElo "2453"]
[BlackElo "2942"]
[Opening "Catalan opening"]
[ECO "E00"]
[NIC "CA.01"]
[Time "20:32:05"]
[TimeControl "180+0"]

1. d4 Nf6 2. c4 e6 3. g3 c5 4. Nf3 d5 5. cxd5 exd5 6. Bg2 Nc6 7. O-O Be7 8.
b3 O-O 9. Bb2 b6 10. Nc3 Bb7 11. Rc1 Rc8 12. dxc5 bxc5 13. Na4 Nb4 14. a3
Na6 15. e3 Qd7 16. Ne5 Qe6 17. Nd3 Ne4 18. Nf4 Qd6 19. Qg4 Nf6 20. Qe2 Rfd8
21. Rfd1 Qb8 22. Bxf6 Bxf6 23. Nxd5 Be5 24. Ne7+ Kf8 25. Nxc8 Rxc8 26. Bxb7
Qxb7 27. b4 cxb4 28. Rxc8+ Qxc8 29. axb4 Bf6 30. b5 Nb4 31. Qd2 Be7 32. Qd7
Qb8 33. Nc5 Bxc5 34. Rc1 Qe8 35. Qxe8+ Kxe8 36. Rxc5 Kd7 37. Rc4 Nd5 38. Ra4
Kd6 39. Rxa7 f6 40. Rxg7 Kc5 41. Rxh7 Kxb5 42. Rh5 Kc6 43. Rxd5 Kxd5 44. Kg2
Ke4 45. h4 Kf5 46. Kf3 Kg6 47. Kf4 f5 48. Ke5 f4 49. Kxf4 Kf6 50. g4 Kf7 51.
e4 Kg7 52. Kg5 Kf7 53. f4 Kg7 54. e5 Kf7 55. f5 Ke7 56. Kf4 Kf8 57. g5 Kf7
58. h5 Kg7 59. h6+ Kh7 60. Ke4 Kg8 61. Kd5 Kf8 62. Kd6 Ke8 63. g6 Kf8 64. f6
Kg8 65. Kd7 Kf8 66. e6 Kg8 67. e7 Kh8 68. e8=Q# {Black checkmated} 1-0

[Event "ICCopen2017"]
[Site "Internet Chess Club"]
[Date "2017.04.02"]
[Round "8"]
[White "volver"]
[Black "cheslikeyomama"]
[Result "0-1"]
[ICCResult "White checkmated"]
[WhiteElo "1308"]
[BlackElo "1426"]
[Opening "Modern defense: Averbakh system"]
[ECO "A40"]
[NIC "KF.04"]
[Time "20:32:21"]
[TimeControl "180+0"]

1. d4 g6 2. e4 Bg7 3. c4 d6 4. Nc3 Nh6 5. f3 O-O 6. Bd3 f5 7. Bg5 fxe4 8.
fxe4 Nc6 9. Nf3 Nf7 10. Be3 e5 11. d5 Nd4 12. O-O Bg4 13. Ne2 Bxf3 14. gxf3
Nh6 15. Ng3 Qh4 16. Be2 Rf7 17. Bf2 Qe7 18. Kg2 Raf8 19. Be3 Nxe2 20. Qxe2
Kh8 21. Rf2 Ng8 22. Raf1 Nf6 23. h3 Nh5 24. Nxh5 gxh5 25. f4 Rg8 26. Kh2
exf4 27. Rxf4 Be5 28. Qxh5 Bxf4+ 29. Rxf4 Rxf4 30. Bxf4 Qxe4 31. Bd2 Qg2#
{White checkmated}
0-1

[Event "ICCopen2017"]
[Site "Internet Chess Club"]
[Date "2017.04.02"]
[Round "8"]
[White "TZ700A"]
[Black "snaillike"]
[Result "1-0"]
[ICCResult "Black checkmated"]
[WhiteElo "1437"]
[BlackElo "1292"]
[Opening "French: advance variation"]
[ECO "C02"]
[NIC "FR.03"]
[Time "20:32:13"]
[TimeControl "180+0"]

1. e4 d5 2. e5 e6 3. d4 c5 4. c3 cxd4 5. cxd4 Ne7 6. Nf3 Ng6 7. Bb5+ Nc6 8.
Bxc6+ bxc6 9. O-O Be7 10. Nc3 O-O 11. Be3 f6 12. exf6 Bxf6 13. Re1 e5 14.
dxe5 Nxe5 15. Nxe5 Bxe5 16. Qa4 Qc7 17. Rac1 Bxh2+ 18. Kh1 Bd6 19. Nxd5 Qd8
20. Qxc6 Rb8 21. Bxa7 Bb7 22. Qc4 Qh4+ 23. Qxh4 Bxd5 24. Bxb8 Bxb8 25. Rc5
Bxa2 26. Rec1 Be6 27. Rh5 h6 28. Rhc5 Ba7 29. Rc7 Bxf2 30. Qe7 Rf7 31. Qxe6
Bg3 32. Qxf7+ Kh8 33. Qxg7# {Black checkmated} 1-0

[Event "ICCopen2017"]
[Site "Internet Chess Club"]
[Date "2017.04.02"]
[Round "8"]
[White "elifly6"]
[Black "kaimann"]
[Result "0-1"]
[ICCResult "White resigns"]
[WhiteElo "1709"]
[BlackElo "1877"]
[Opening "Alekhine's defense: exchange variation"]
[ECO "B03"]
[NIC "AL.08"]
[Time "20:32:23"]
[TimeControl "180+0"]

1. e4 Nf6 2. e5 Nd5 3. d4 Nb6 4. c4 d6 5. exd6 exd6 6. Be3 Be7 7. Nc3 Nc6 8.
Nf3 Bg4 9. b3 O-O 10. Be2 Bh5 11. h3 Bg6 12. h4 h6 13. g4 Nb4 14. Rc1 f5 15.
gxf5 Bxf5 16. Rg1 Kh8 17. Qd2 Kh7 18. a3 Nc6 19. Bd3 Qd7 20. Ke2 Bxd3+ 21.
Qxd3+ Qf5 22. Qxf5+ Rxf5 23. Nb5 Raf8 24. Rg3 Bd8 25. h5 a6 26. Nh4 Bxh4 27.
Rg4 Bxf2 28. Nxc7 Bxe3 29. Kxe3 Rf3+ 30. Ke4 Rf2 31. Rcg1 R8f7 32. Ne6 Re2+
33. Kd3 Rxe6 34. b4 Ref6 {White resigns} 0-1

[Event "ICCopen2017"]
[Site "Internet Chess Club"]
[Date "2017.04.02"]
[Round "8"]
[White "uptonjr"]
[Black "andrus"]
[Result "1-0"]
[ICCResult "Black resigns"]
[WhiteElo "1775"]
[BlackElo "1592"]
[Opening "King's Indian: 6.Be2"]
[ECO "E91"]
[NIC "KI.19"]
[Time "20:32:48"]
[TimeControl "180+0"]

1. d4 Nf6 2. c4 g6 3. Nc3 Bg7 4. e4 d6 5. Nf3 O-O 6. Be2 Re8 7. O-O Nbd7 8.
h3 e5 9. d5 Nb6 10. Be3 Nfd7 11. Qd2 Nf8 12. a4 f5 13. Bg5 Bf6 14. Bxf6 Qxf6
15. a5 Nbd7 16. Qg5 Qxg5 17. Nxg5 f4 18. Nf3 Nf6 19. b4 Bd7 20. c5 Kg7 21.
Rfc1 Rac8 22. Bd3 h6 23. a6 b6 24. c6 Bxh3 25. gxh3 g5 26. Nb5 Kg6 27. Nxa7
Ra8 28. Nb5 h5 29. Nxc7 {Black resigns} 1-0

[Event "ICCopen2017"]
[Site "Internet Chess Club"]
[Date "2017.04.02"]
[Round "8"]
[White "charlestehace"]
[Black "Machinegun"]
[Result "1-0"]
[ICCResult "Black resigns"]
[WhiteElo "2836"]
[BlackElo "2450"]
[Opening "Sicilian: Richter-Rauzer, Larsen variation, 7.Qd2"]
[ECO "B61"]
[NIC "SI.27"]
[Time "20:31:53"]
[TimeControl "180+0"]

1. e4 c5 2. Nf3 d6 3. d4 cxd4 4. Nxd4 Nf6 5. Nc3 Nc6 6. Bg5 Bd7 7. Qd2 Nxd4
8. Qxd4 Qa5 9. f4 h6 10. Bxf6 gxf6 11. O-O-O Rc8 12. Kb1 Rg8 13. g3 f5 14.
e5 Bg7 15. Bg2 b5 16. Nd5 Rc4 17. Qe3 Be6 18. exd6 exd6 19. c3 Kf8 20. Rhe1
Bh8 21. a3 Kg7 22. Bf1 Re4 23. Qd2 Rxe1 24. Rxe1 Rc8 25. Bg2 Qa4 26. Qd3 Qb3
27. Qd1 Qc4 28. Ne3 Qa2+ 29. Kc1 Bb3 30. Qd3 Kg8 31. Nc2 Ba4 32. Qxf5 Rf8
33. Be4 Kg7 34. Qh7+ Kf6 35. Qxh6+ Ke7 36. Bd5+ {Black resigns} 1-0

[Event "ICCopen2017"]
[Site "Internet Chess Club"]
[Date "2017.04.02"]
[Round "8"]
[White "ALexiz"]
[Black "splashlee2010"]
[Result "1-0"]
[ICCResult "Black forfeits on time"]
[WhiteElo "1734"]
[BlackElo "1275"]
[Opening "Old Benoni defense"]
[ECO "A43"]
[NIC "OI.09"]
[Time "20:32:16"]
[TimeControl "180+0"]

1. d4 c5 2. Bf4 e6 3. e3 d5 4. c3 Nf6 5. Nd2 Bd6 6. Bxd6 Qxd6 7. f4 O-O 8.
Ngf3 Nc6 9. Bd3 h6 10. O-O a6 11. Ne5 c4 12. Bc2 b5 13. g4 Nd7 14. g5 f5 15.
gxf6 Nxf6 16. Kh1 Kh8 17. Rg1 Ne7 18. Qf3 Ne4 19. Nxe4 dxe4 20. Bxe4 Ra7 21.
Qg3 Nf5 22. Bxf5 exf5 23. Ng6+ Kg8 24. Nxf8 Kxf8 25. h4 Qf6 26. Kh2 Bb7 27.
Kh3 Be4 28. a3 Kf7 29. h5 Bd3 30. Qg6+ Qxg6 31. Rxg6 Be2 32. Rag1 Kf8 33.
Kh4 Bg4 34. R6xg4 fxg4 35. Rxg4 Re7 36. Rg3 Re4 37. Kg4 Kf7 38. Kf5 Re6 39.
e4 Rf6+ 40. Kg4 Ke6 41. f5+ Kf7 42. e5 Rc6 43. Kf4 a5 44. Rg6 Rc7 45. Rb6 b4
46. axb4 axb4 47. Rxb4 Ra7 48. d5 Ra1 49. Rxc4 Rf1+ 50. Kg4 Rg1+ 51. Kf3 Rg5
52. Rc7+ Kg8 53. Kf4 Rxh5 54. d6 Rh1 55. e6 Rf1+ 56. Ke5 h5 57. d7 Rd1 58.
Rc8+ Kh7 59. d8=Q {Black forfeits on time} 1-0

[Event "ICCopen2017"]
[Site "Internet Chess Club"]
[Date "2017.04.02"]
[Round "8"]
[White "garompon"]
[Black "Chaos23"]
[Result "0-1"]
[ICCResult "White checkmated"]
[WhiteElo "2404"]
[BlackElo "1892"]
[Opening "Robatsch defense: Pseudo-Austrian attack"]
[ECO "B06"]
[NIC "KF.05"]
[Time "20:33:26"]
[TimeControl "180+0"]

1. e4 g6 2. d4 Bg7 3. Nc3 d6 4. f4 a6 5. Nf3 b5 6. Bd3 Bb7 7. O-O e6 8. e5
Ne7 9. Qe2 O-O 10. Ne4 Nbc6 11. c3 Na5 12. h4 Nf5 13. h5 Bxe4 14. Bxe4 Ng3
15. Qe1 Nxf1 16. Kxf1 Rc8 17. hxg6 fxg6 18. Ng5 Qxg5 19. Kg1 Qe7 20. Qg3 c5
21. d5 Kh8 22. Bd2 Nc4 23. Bc1 dxe5 24. b3 exf4 25. Qh3 exd5 26. Bxg6 Qe1+
27. Kh2 Qg3+ 28. Qxg3 fxg3+ 29. Kxg3 hxg6 30. bxc4 Bxc3 31. Rb1 dxc4 32. Bg5
Rce8 33. Rh1+ Kg8 34. Bh6 Rf5 35. Rd1 Bd4 36. Kh3 Rh5+ 37. Kg4 Rxh6 38. g3
Rh5 39. a4 Rf5 40. Kh3 Re3 41. axb5 axb5 42. Rb1 b4 43. Kg4 Re4+ 44. Kh3
Rh5+ 45. Kg2 Rf5 46. Kh3 b3 47. g4 Rf3+ 48. Kg2 Rd3 49. Kf1 Rf4+ 50. Ke2
Rxg4 51. Rf1 Rg2+ 52. Ke1 Bc3# {White checkmated} 0-1

[Event "ICCopen2017"]
[Site "Internet Chess Club"]
[Date "2017.04.02"]
[Round "8"]
[White "Thunderbay2000"]
[Black "ComeonJimtal"]
[Result "0-1"]
[ICCResult "White checkmated"]
[WhiteElo "1376"]
[BlackElo "1747"]
[Opening "King's pawn opening"]
[ECO "B07"]
[NIC "VO.17"]
[Time "20:32:52"]
[TimeControl "180+0"]

1. e4 d6 2. Nf3 c6 3. d4 g6 4. Nc3 Qc7 5. Be3 Bg7 6. Bd3 a6 7. O-O Nd7 8.
Re1 e5 9. dxe5 dxe5 10. h3 h6 11. Qd2 Ngf6 12. a3 Nf8 13. Rac1 Be6 14. b3
Rd8 15. Qe2 N8d7 16. b4 b5 17. a4 Nh5 18. a5 O-O 19. Rcd1 Rde8 20. Nh2 Ndf6
21. g4 Nf4 22. Bxf4 exf4 23. e5 Nd7 24. h4 Nxe5 25. h5 f3 26. Qe3 Nxg4 27.
Nxg4 Bxg4 28. Qc5 Qf4 29. Ne4 Be6 30. Nd6 Qg4+ 31. Kf1 Qg2# {White
checkmated} 0-1

[Event "ICCopen2017"]
[Site "Internet Chess Club"]
[Date "2017.04.02"]
[Round "8"]
[White "TaijiChess22"]
[Black "Jojua"]
[Result "1-0"]
[ICCResult "Black resigns"]
[WhiteElo "1782"]
[BlackElo "1511"]
[Opening "Philidor's defense"]
[ECO "B07"]
[NIC "KP.08"]
[Time "20:31:52"]
[TimeControl "180+0"]

1. e4 d6 2. d4 e5 3. Nf3 Bg4 4. dxe5 Bxf3 5. Qxf3 dxe5 6. Bc4 Nf6 7. Qb3 Qe7
8. Bxf7+ Qxf7 9. Qxb7 Nbd7 10. Qxa8+ Ke7 11. O-O Qe6 12. Nc3 c6 13. Bg5 h6
14. Bxf6+ gxf6 15. Qxa7 Bg7 16. Rad1 Rd8 17. Na4 Kf8 18. Nb6 Ke7 19. Qc7 c5
20. Rd2 Bf8 21. Nxd7 Rxd7 22. Qxc5+ Kf7 23. Rxd7+ Qxd7 24. Qd5+ Qxd5 25.
exd5 Ke7 26. Rd1 Kd6 27. b4 f5 28. c4 e4 29. c5+ Kd7 30. a4 Be7 31. a5 Bd8
32. a6 Kc7 33. b5 Kb8 34. b6 h5 35. d6 f4 36. Rd4 e3 37. fxe3 fxe3 38. Re4
Bg5 39. Re8+ {Black resigns} 1-0

[Event "ICCopen2017"]
[Site "Internet Chess Club"]
[Date "2017.04.02"]
[Round "8"]
[White "BirchRun"]
[Black "Mormegil"]
[Result "1-0"]
[ICCResult "Black resigns"]
[WhiteElo "1617"]
[BlackElo "1734"]
[Opening "Levitsky attack (Queen's bishop attack)"]
[ECO "D00"]
[NIC "QP.08"]
[Time "20:32:57"]
[TimeControl "180+0"]

1. d4 d5 2. Bg5 f6 3. Bh4 Nh6 4. e3 Nf5 5. Bg3 Nxg3 6. hxg3 Bf5 7. Bd3 Qd7
8. Qh5+ Kd8 9. Qxf5 e6 10. Qg4 c5 11. c3 cxd4 12. exd4 Nc6 13. Rxh7 Rxh7 14.
Bxh7 g5 15. Bd3 Kc7 16. Ne2 Bd6 17. Bb5 Rh8 18. Nd2 a6 19. Bxc6 Rh1+ 20. Nf1
bxc6 21. O-O-O Qe7 22. Ne3 Rh8 23. f4 gxf4 24. Nxf4 Rb8 25. Qxe6 Qf8 26. Nf5
Bxf4+ 27. gxf4 Kb7 28. Qe7+ Qxe7 29. Nxe7 Re8 30. Nf5 Re2 31. Rd2 Re1+ 32.
Kc2 Kb6 33. Nd6 Re6 34. Nf5 Re1 35. Ng3 Re3 36. Ne2 Kc7 37. g4 Kd8 38. g5
fxg5 39. fxg5 Ke7 40. g6 Kf6 41. Nf4 Rf3 42. Nd3 Kxg6 43. Ne5+ {Black
resigns} 1-0

[Event "ICCopen2017"]
[Site "Internet Chess Club"]
[Date "2017.04.02"]
[Round "8"]
[White "lestri"]
[Black "playwaycool"]
[Result "1-0"]
[ICCResult "Black checkmated"]
[WhiteElo "2507"]
[BlackElo "2188"]
[Opening "English: Kurajica defense"]
[ECO "A13"]
[NIC "RE.12"]
[Time "20:32:46"]
[TimeControl "180+0"]

1. c4 e6 2. Nf3 d5 3. g3 c6 4. Qc2 Nf6 5. Bg2 Nbd7 6. O-O Bd6 7. d4 Ne4 8.
Nbd2 Nxd2 9. Bxd2 O-O 10. e4 dxe4 11. Qxe4 h6 12. Rfd1 Nf6 13. Qe2 Qc7 14.
c5 Be7 15. Bf4 Qd8 16. Ne5 Nd5 17. Bd2 Bd7 18. f4 Be8 19. Be1 b6 20. cxb6
axb6 21. a3 c5 22. dxc5 bxc5 23. Rac1 Rb8 24. Bf2 Qb6 25. b4 Qa7 26. bxc5
Qxa3 27. Nc4 Qa7 28. Nd6 Bc6 29. f5 Qd7 30. fxe6 fxe6 31. Nc4 Bf6 32. Ne5
Bxe5 33. Qxe5 Qf7 34. Bd4 Bb5 35. Re1 Rbe8 36. c6 Nf6 37. Qxb5 Rb8 38. Qe5
Ng4 39. Qxe6 Qxe6 40. Rxe6 Rb4 41. Bc5 Rc4 42. Rxc4 Ra8 43. Rxg4 Ra1+ 44.
Bf1 Ra2 45. Re7 Kh7 46. Rgxg7+ Kh8 47. Rh7+ Kg8 48. Reg7# {Black checkmated}
1-0

[Event "ICCopen2017"]
[Site "Internet Chess Club"]
[Date "2017.04.02"]
[Round "8"]
[White "shirovinster"]
[Black "Eliezer"]
[Result "1-0"]
[ICCResult "Black checkmated"]
[WhiteElo "1747"]
[BlackElo "1551"]
[Opening "Hungarian defense"]
[ECO "C50"]
[NIC "IG.03"]
[Time "20:33:00"]
[TimeControl "180+0"]

1. e4 e5 2. Nf3 Nc6 3. Bc4 Be7 4. d3 Nf6 5. O-O d6 6. c3 Bg4 7. Nbd2 O-O 8.
Bb3 h6 9. Bc2 d5 10. Re1 d4 11. h3 dxc3 12. bxc3 Bh5 13. Nf1 Bg6 14. Ng3 Nh5
15. Nf5 Bxf5 16. exf5 Nf6 17. Nxe5 Nxe5 18. Rxe5 Bd6 19. Re1 Qd7 20. Qf3
Rae8 21. Bf4 Rxe1+ 22. Rxe1 Bxf4 23. Qxf4 Re8 24. Rxe8+ Nxe8 25. d4 c6 26.
Qb8 a6 27. Be4 f6 28. c4 Kf8 29. d5 c5 30. Bf3 Qc7 31. Qxc7 Nxc7 32. d6 Ne8
33. d7 Ke7 34. dxe8=Q+ Kxe8 35. Bxb7 a5 36. Kf1 Kd7 37. Bd5 Kc7 38. Ke2 Kd6
39. Kd3 Ke5 40. g3 Kxf5 41. f4 g5 42. Ke3 h5 43. Be4+ Ke6 44. fxg5 fxg5 45.
h4 gxh4 46. gxh4 Ke5 47. Bg6 a4 48. Bxh5 a3 49. Bd1 Kd6 50. h5 Kc6 51. h6
Kb6 52. h7 Ka5 53. h8=Q Kb4 54. Qa1 Ka5 55. Bb3 Kb6 56. Qf6+ Ka5 57. Kd3 Kb4
58. Qb6# {Black checkmated} 1-0

[Event "ICCopen2017"]
[Site "Internet Chess Club"]
[Date "2017.04.02"]
[Round "8"]
[White "aplusk"]
[Black "Shadeath"]
[Result "1-0"]
[ICCResult "Black resigns"]
[WhiteElo "2716"]
[BlackElo "2714"]
[Opening "QGD Slav: 4.e3 Bf5"]
[ECO "D12"]
[NIC "SL.01"]
[Time "20:32:19"]
[TimeControl "180+0"]

1. d4 d5 2. c4 c6 3. Nf3 Nf6 4. e3 Bf5 5. Nc3 e6 6. Nh4 Bg6 7. Nxg6 hxg6 8.
Bd2 Nbd7 9. g3 Bd6 10. Qb3 Rb8 11. Bg2 O-O 12. O-O Qe7 13. Rac1 Rfd8 14.
Rfe1 dxc4 15. Qxc4 e5 16. Rcd1 Nb6 17. Qb3 e4 18. Bc1 Nbd5 19. f3 Qe6 20.
fxe4 Nxc3 21. bxc3 Be7 22. Qxe6 fxe6 23. c4 e5 24. Bb2 Bb4 25. Rf1 Ng4 26.
Rd3 c5 27. d5 Re8 28. Bh3 Nf6 29. Be6+ Rxe6 30. dxe6 Re8 31. Bxe5 Ng4 32.
Bb2 Rxe6 33. e5 Nxe5 34. Bxe5 Rxe5 35. Rf4 g5 36. Rg4 a6 37. a4 b6 38. Kf2
Rf5+ 39. Ke2 Kf7 40. h4 gxh4 41. gxh4 g6 42. Rf4 Rxf4 43. exf4 Ke6 44. Kf3
Be1 45. Re3+ {Black resigns} 1-0

[Event "ICCopen2017"]
[Site "Internet Chess Club"]
[Date "2017.04.02"]
[Round "8"]
[White "x-plica"]
[Black "FlashGordon"]
[Result "1-0"]
[ICCResult "Black forfeits on time"]
[WhiteElo "1435"]
[BlackElo "1135"]
[Opening "Sicilian defense"]
[ECO "B30"]
[NIC "SI.31"]
[Time "20:32:26"]
[TimeControl "180+0"]

1. e4 c5 2. Nf3 Nc6 3. d3 g6 4. c4 Bg7 5. Nc3 e5 6. Bd2 Nge7 7. Be2 d6 8.
O-O h6 9. h3 Be6 10. Nh2 f5 11. f4 Qd7 12. Nd5 Nd4 13. Bc3 fxe4 14. dxe4
exf4 15. Nf3 Nec6 16. Bxd4 cxd4 17. Nxf4 O-O 18. Nd3 Bxh3 19. gxh3 Qxh3 20.
Rf2 Ne5 21. Rh2 Qg3+ 22. Rg2 Nxf3+ 23. Bxf3 Qxf3 24. Qxf3 Rxf3 25. Rd1 Raf8
26. Nf2 Re3 27. Rxg6 {Black forfeits on time} 1-0

[Event "ICCopen2017"]
[Site "Internet Chess Club"]
[Date "2017.04.02"]
[Round "8"]
[White "dashingfox"]
[Black "Neurisdr"]
[Result "0-1"]
[ICCResult "White checkmated"]
[WhiteElo "1883"]
[BlackElo "2857"]
[Opening "Sicilian: closed"]
[ECO "B25"]
[NIC "SI.45"]
[Time "20:32:01"]
[TimeControl "180+0"]

1. e4 c5 2. Nc3 g6 3. g3 Bg7 4. Bg2 Nc6 5. d3 d6 6. Nh3 h5 7. O-O h4 8. g4
Nf6 9. g5 Nh5 10. Nf4 Nxf4 11. Bxf4 e6 12. Rb1 h3 13. Bh1 e5 14. Be3 Be6 15.
f4 exf4 16. Bxf4 Bd4+ 17. Rf2 Rh4 18. Bg3 Qxg5 19. Qf3 Ne5 20. Qe2 Rg4 21.
Kf1 Rxg3 22. hxg3 Qxg3 23. Nd1 Ng4 24. Qf3 Nh2+ 25. Rxh2 Qxh2 26. Ke1 Qg1+
27. Kd2 Qg5+ 28. Ne3 Bg4 29. Qg3 f5 30. exf5 gxf5 31. Re1 O-O-O 32. c3 Bxe3+
33. Qxe3 Qxe3+ 34. Rxe3 b6 35. Re7 Rd7 36. Re8+ Kc7 37. Ra8 f4 38. Rxa7+ Kd8
39. Ra8+ Ke7 40. Rg8 Be6 41. Bc6 Bxg8 42. Bxd7 Kxd7 43. Ke2 h2 44. Kf3 h1=Q+
45. Kxf4 Qg2 46. Ke3 Qxb2 47. a4 Qxc3 48. a5 c4 49. a6 Qxd3+ 50. Kf4 Qd5 51.
a7 c3 52. Ke3 c2 53. Ke2 c1=Q 54. a8=B Qcd2+ 55. Kf1 Qxa8 56. Kg1 Qa1#
{White checkmated}
0-1

[Event "ICCopen2017"]
[Site "Internet Chess Club"]
[Date "2017.04.02"]
[Round "8"]
[White "markovichgoran"]
[Black "MDRAFE3"]
[Result "1-0"]
[ICCResult "Black checkmated"]
[WhiteElo "2400"]
[BlackElo "1985"]
[Opening "Sicilian: Anderssen variation"]
[ECO "B41"]
[NIC "SI.41"]
[Time "20:32:14"]
[TimeControl "180+0"]

1. e4 c5 2. Nf3 e6 3. d4 cxd4 4. Nxd4 Nf6 5. Nc3 Nc6 6. Ndb5 Bb4 7. a3 Bxc3+
8. Nxc3 d5 9. exd5 exd5 10. Bd3 O-O 11. O-O d4 12. Ne4 Ng4 13. h3 Nge5 14.
Ng5 Nxd3 15. Qxd3 g6 16. Nf3 Bf5 17. Qd1 Re8 18. Bg5 Qd5 19. Bf6 d3 20. Qd2
Qe6 21. Bc3 dxc2 22. Qh6 f6 23. Rfe1 Qf7 24. Nh4 Be4 25. Qf4 g5 26. Qg3 Rad8
27. Rac1 Rd3 28. f3 Rxc3 29. bxc3 Bd3 30. f4 Rxe1+ 31. Rxe1 Be2 32. Nf5 Qd7
33. Nh6+ Kg7 34. fxg5 f5 35. Qf4 Kg6 36. g4 Ne7 37. Qe5 c1=Q 38. Qf6#
{Black checkmated}
1-0

[Event "ICCopen2017"]
[Site "Internet Chess Club"]
[Date "2017.04.02"]
[Round "8"]
[White "leonardoalmeida"]
[Black "ShadowStorm"]
[Result "1-0"]
[ICCResult "Black resigns"]
[WhiteElo "1760"]
[BlackElo "1420"]
[Opening "QGD: exchange, positional line"]
[ECO "D35"]
[NIC "EO.64"]
[Time "20:32:40"]
[TimeControl "180+0"]

1. c4 e6 2. Nc3 d5 3. cxd5 exd5 4. d4 Nf6 5. Bg5 Be7 6. e3 Nbd7 7. Bd3 c6 8.
Nf3 O-O 9. h3 Re8 10. Bh4 Nf8 11. Bg3 Ng6 12. O-O Bd6 13. Bxd6 Qxd6 14. a3
Ne4 15. Rc1 f5 16. Ne2 Bd7 17. b4 Rf8 18. Qb3 Rae8 19. Rfe1 Kh8 20. a4 Qf6
21. b5 Nh4 22. Ne5 Qg5 23. Nf4 Nf3+ 24. Nxf3 Qe7 25. Ne5 Nd2 26. Qb2 Ne4 27.
Nxd7 Qxd7 28. bxc6 bxc6 29. Qc2 Rc8 30. Bxe4 fxe4 31. Qc5 g5 32. Nh5 g4 33.
hxg4 Qxg4 34. Ng3 h5 35. Qe7 h4 36. Qe5+ Kg8 37. Qh5 Qg7 38. Qxh4 Rf6 39.
Nh5 Rg6 40. Nxg7 Rxg7 41. Qf6 Rcc7 42. Rxc6 Rcf7 43. Rc8+ Kh7 44. Qh4+ Kg6
45. Rc6+ Rf6 46. Qxf6+ Kh7 47. Qh6+ Kg8 48. Rc8+ Kf7 49. Rec1 {Black
resigns} 1-0

[Event "ICCopen2017"]
[Site "Internet Chess Club"]
[Date "2017.04.02"]
[Round "8"]
[White "blunder23"]
[Black "Djukanyc"]
[Result "1-0"]
[ICCResult "Black forfeits on time"]
[WhiteElo "1547"]
[BlackElo "1667"]
[Opening "Sicilian: Pin variation (Sicilian counter-attack)"]
[ECO "B41"]
[NIC "SI.41"]
[Time "20:31:53"]
[TimeControl "180+0"]

1. e4 c5 2. Nf3 e6 3. d4 cxd4 4. Nxd4 Nf6 5. Nc3 Bb4 6. Bd3 d5 7. exd5 Nxd5
8. O-O Nxc3 9. bxc3 Bxc3 10. Nb5 Bxa1 11. Ba3 Be5 12. Qe2 a6 13. Rd1 Nc6 14.
Bc4 Qh4 15. g3 Qf6 16. Nd6+ Bxd6 17. Bxd6 Bd7 18. Qd2 Rc8 19. Bc5 Qd8 20.
Qe3 Qf6 21. Qd3 Rd8 22. Qa3 b5 23. Bb3 Qe5 24. f4 Qe2 25. Rf1 b4 26. Qxa6
Qxa6 27. Rd1 Qb5 28. c4 Qxc5+ 29. Kg2 {Black forfeits on time} 1-0

[Event "ICCopen2017"]
[Site "Internet Chess Club"]
[Date "2017.04.02"]
[Round "8"]
[White "AreYouSerious"]
[Black "MrNobody84"]
[Result "1-0"]
[ICCResult "Black forfeits on time"]
[WhiteElo "1830"]
[BlackElo "1619"]
[Opening "Réti opening"]
[ECO "A06"]
[NIC "QP.09"]
[Time "20:32:50"]
[TimeControl "180+0"]

1. Nf3 d5 2. e3 Nc6 3. b3 e5 4. Bb2 Bd6 5. d3 Nf6 6. g3 O-O 7. Bg2 h6 8. O-O
Be6 9. Nbd2 Qd7 10. c4 Bh3 11. a3 Bxg2 12. Kxg2 e4 13. dxe4 dxe4 14. Nd4 Ne5
15. Qc2 Qg4 16. h3 Qg6 17. Nb5 Rad8 18. Rad1 a6 19. Nxd6 cxd6 20. b4 Rc8 21.
Bxe5 dxe5 22. Nb3 Qf5 23. Qe2 Qf3+ 24. Qxf3 exf3+ 25. Kxf3 Rxc4 26. Rd3 Rfc8
27. Rd6 e4+ 28. Kg2 Rc3 29. Rb1 Rc2 30. Nc5 Rc6 31. Rbd1 Rxd6 32. Rxd6 Ra2
33. Nxb7 Rxa3 34. Rd4 Rb3 35. Nd6 {Black forfeits on time} 1-0

[Event "ICCopen2017"]
[Site "Internet Chess Club"]
[Date "2017.04.02"]
[Round "8"]
[White "eltigrecu"]
[Black "TennKid84"]
[Result "1-0"]
[ICCResult "Black forfeits on time"]
[WhiteElo "1951"]
[BlackElo "1761"]
[Opening "Queen's pawn"]
[ECO "A40"]
[NIC "QO.17"]
[Time "20:32:11"]
[TimeControl "180+0"]

1. d4 c6 2. Bg5 d5 3. c3 Qb6 4. Qc2 Nf6 5. Nd2 h6 6. Bxf6 gxf6 7. Ngf3 Bg4
8. e3 Bh5 9. Bd3 Nd7 10. h3 Rg8 11. g4 Bg6 12. Bxg6 Rxg6 13. O-O-O Rc8 14.
Nh4 Rg8 15. f4 e6 16. f5 e5 17. dxe5 Nxe5 18. e4 d4 19. cxd4 Qxd4 20. Nb3
Qe3+ 21. Kb1 Bb4 22. Ng2 Qb6 23. Nf4 Ke7 24. a3 Bd6 25. Nh5 Rcd8 26. Rd2 Bc7
27. Rhd1 Rxd2 28. Rxd2 Rd8 29. Rxd8 Bxd8 30. Qc5+ Qxc5 31. Nxc5 b6 32. Nb3
Bc7 33. Kc2 Nf3 34. Kd3 Ng1 35. h4 Nf3 36. Nd4 Nxd4 37. Kxd4 Be5+ 38. Kc4
Bxb2 39. a4 Be5 40. a5 b5+ 41. Kc5 Bd6+ 42. Kxc6 b4 43. g5 b3 44. gxf6+ Kf8
45. Kxd6 b2 46. e5 b1=Q 47. e6 Qb4+ 48. Kd7 fxe6 49. fxe6 Qb7+ 50. Kd6 Qa6+
51. Kd7 Qb7+ 52. Kd8 Qb8+ 53. Kd7 Qb7+ 54. Kd6 Qb6+ 55. axb6
{Black forfeits on time}
1-0

[Event "ICCopen2017"]
[Site "Internet Chess Club"]
[Date "2017.04.02"]
[Round "8"]
[White "F83"]
[Black "rotyi59"]
[Result "1-0"]
[ICCResult "Black resigns"]
[WhiteElo "1902"]
[BlackElo "1562"]
[Opening "Robatsch (modern) defense"]
[ECO "B06"]
[NIC "KF.05"]
[Time "20:32:06"]
[TimeControl "180+0"]

1. e4 g6 2. d4 Bg7 3. c4 Nc6 4. Be3 e5 5. d5 Nd4 6. Nf3 c5 7. b4 b6 8. Bd3
d6 9. O-O Bg4 10. Nbd2 Ne7 11. h3 Bxf3 12. Nxf3 f5 13. Bxd4 exd4 14. Ng5 Qd7
15. Ne6 Kf7 16. bxc5 bxc5 17. exf5 Nxf5 18. Qf3 Kg8 19. Bxf5 gxf5 20. Rab1
Re8 21. Qxf5 Qf7 22. Qxf7+ Kxf7 23. Rb7+ Re7 24. Rxe7+ Kxe7 25. Nxg7 Rb8 26.
Nf5+ Kd7 27. Re1 Rb2 28. Re7+ Kd8 29. Rxa7 d3 30. Ra6 d2 31. Rxd6+ Ke8 32.
Re6+ Kf8 33. Ne3 Rb1+ 34. Kh2 d1=Q 35. Nxd1 Rxd1 36. Rc6 Rd2 37. Kg3 Rxa2
38. Rxc5 Ke7 39. Rc7+ Kd8 40. d6 Rc2 41. c5 Rc4 42. c6 Ra4 43. Rd7+ Ke8 44.
Rxh7 Kf8 45. d7 Ra8 46. c7 Kg8 47. c8=Q+ {Black resigns} 1-0

[Event "ICCopen2017"]
[Site "Internet Chess Club"]
[Date "2017.04.02"]
[Round "8"]
[White "anan"]
[Black "Magagna"]
[Result "0-1"]
[ICCResult "White forfeits on time"]
[WhiteElo "1587"]
[BlackElo "1735"]
[Opening "Giuoco Pianissimo"]
[ECO "C55"]
[NIC "IG.01"]
[Time "20:32:22"]
[TimeControl "180+0"]

1. e4 e5 2. Nf3 Nf6 3. Bc4 Nc6 4. d3 Bc5 5. O-O d6 6. c3 O-O 7. Nbd2 Bg4 8.
Re1 Re8 9. Nf1 a6 10. a4 Rb8 11. h3 Bxf3 12. Qxf3 d5 13. exd5 Na5 14. Ba2 c6
15. b4 Qb6 16. bxc5 Qxc5 17. Ne3 Qxc3 18. Bd2 Qxd2 19. Nf5 cxd5 20. Qg3 g6
21. Nd6 Re6 22. Rxe5 Rxd6 23. Rf5 Rbd8 24. Rf3 Qc3 25. Rf1 Nh5 26. Qh4 Qe5
27. d4 Qe4 28. Qxe4 dxe4 {White forfeits on time} 0-1